 Dungeon Crawl Stone Soup version 0.29-a0-22-gbf593b1 (webtiles) character file.

Game seed: 9478728148977007075

191 Illumine the Cudgeller (level 5, 0/81 HPs)
             Began as an Ogre Monk on Jan 29, 2022.
             Slain by a jackal (2 damage)
             ... on level 4 of the Dungeon.
             The game lasted 00:05:14 (3431 turns).

Illumine the Cudgeller (Ogre Monk)                  Turns: 3431, Time: 00:05:15

Health: 0/81       AC:  3    Str: 23    XL:     5   Next: 70%
Magic:  5/5        EV: 10    Int: 11    God:
Gold:   121        SH:  0    Dex: 11    Spells: 4/4 levels left

rFire   . . .      SeeInvis .   q - +0 giant club
rCold   . . .      Faith    .   (shield currently unavailable)
rNeg    . . .      Spirit   .   b - +0 robe
rPois   .          Reflect  .   (helmet restricted)
rElec   .          Harm     .   (no cloak)
rCorr   .          Rampage  .   (gloves unavailable)
Will    .....                   (boots unavailable)
Stlth   ..........              (no amulet)
HPRegen 0.23/turn               p - +6 ring of strength
MPRegen 0.09/turn               (no ring)

@: confused, berserking, attractive, very quick
A: large, unfitting armour, tough skin 1
a: no special abilities


You were on level 4 of the Dungeon.
You visited 1 branch of the dungeon, and saw 4 of its levels.

You collected 121 gold pieces.

Inventory:

Hand Weapons
 q - a +0 giant club (weapon)
Missiles
 d - 48 stones (quivered)
Armour
 b - a +0 robe (worn)
Jewellery
 p - a +6 ring of strength (left hand)
Scrolls
 e - a scroll of identify {unknown}
 f - a scroll of teleportation {unknown}
 g - a scroll of blinking {unknown}
 h - a scroll of immolation {unknown}
Potions
 c - a potion of brilliance
 k - a potion of curing {unknown}
 l - a potion of haste
 m - a potion of mutation {unknown}
 n - a potion of attraction
 o - a potion of might {unknown}


   Skills:
 - Level 4.0 Fighting
 * Level 5.6 Maces & Flails
 - Level 2.6 Dodging
 - Level 1.4 Stealth


You had 4 spell levels left.
You didn't know any spells.
Your spell library contained the following spells:

 Spells                   Type           Power      Damage    Failure   Level
 Sublimation of Blood     Necr           0%         N/A       47%         2
 Petrify                  Tmut/Erth      0%         N/A       98%         4
 Irradiate                Conj/Tmut      0%         3d13      100%        5


Dungeon Overview and Level Annotations

Branches:
Dungeon (4/15)
 Temple: D:4-7

Altars:
Ru
Wu Jian

Annotations:
D:4 Eustachio


Innate Abilities, Weirdness & Mutations

You are too large for most types of armour.
You have tough skin. (AC +1)


Message History

A jackal comes into view.
The orc wizard closely misses you.
The jackal barks!
The jackal is attracted toward you. x3
A jackal comes into view.
The jackal is attracted toward you. x3
The jackal barks!
You hit the jackal but do no damage. The jackal barely misses you.
The orc wizard points at you and mumbles some strange words.
You are confused.
You miss the jackal.
The orc wizard hits you with a +3 dagger.
* * * LOW HITPOINT WARNING * * *
The jackal bites you.
* * * LOW HITPOINT WARNING * * *
Unknown command.
It was a potion of berserk rage.
A red film seems to cover your vision as you go berserk!
You feel yourself moving faster!
You feel mighty!
The jackal bites you but does no damage.
The jackal barely misses you.
The orc wizard hits you with a +3 dagger.
* * * LOW HITPOINT WARNING * * *
The jackal bites you.
* * * LOW HITPOINT WARNING * * *
Unknown command.
You barely miss the jackal. The jackal barely misses you.
The orc wizard barely misses you. The jackal misses you.
You closely miss the orc wizard.
The orc wizard is heavily wounded.
The jackal bites you but does no damage.
The jackal bites you.
* * * LOW HITPOINT WARNING * * *
The orc wizard hits you with a +3 dagger.
* * * LOW HITPOINT WARNING * * *
The jackal barely misses you.
You bludgeon the orc wizard!!
You kill the orc wizard!
The jackal closely misses you. The jackal bites you.
You die...

#.......# #####
#.......#
#...#####.....<†##
#.#......†.......#
#.####............#
#.# #..#.............
#.###.##h<........###
#.##..##hh...######
##.##.##@h###...#####
#..#..##)###.........
#.##.##Zo#.....##
#.#..#..##.##.##
####...##.....##.#
#............####...#
..#####..###.# #.###
#..###.# #.#
...^##o§# #.#


You could see an orc, 4 jackals and a howler monkey skeleton.

Vanquished Creatures
  An ogre (D:3)
  An orc wizard (D:4)
  5 adders
  An adder skeleton (D:4)
  A worm (D:3)
  2 orcs (D:4)
  6 bats
  6 endoplasms
  3 giant cockroaches
  A goblin (D:1)
  7 hobgoblins
  8 kobolds
  A quokka (D:1)
  6 ball pythons
  A frilled lizard (D:1)
  3 rats
53 creatures vanquished.

Notes
Turn   | Place    | Note
-------+----------+-------------------------------------------
     0 | D:1      | Illumine the Ogre Monk began the quest for the Orb.
     0 | D:1      | Reached XP level 1. HP: 24/24 MP: 1/1
   192 | D:1      | Reached skill level 3 in Maces & Flails
   271 | D:1      | Reached XP level 2. HP: 29/32 MP: 2/2
  1122 | D:2      | Reached XP level 3. HP: 34/39 MP: 3/3
  1782 | D:3      | Reached skill level 4 in Maces & Flails
  2190 | D:3      | Reached XP level 4. HP: 29/48 MP: 4/4
  2318 | D:3      | Noticed a scorpion
  2465 | D:3      | Found a sacrificial altar of Ru.
  2997 | D:3      | Found an ornate altar of the Wu Jian Council.
  3083 | D:4      | Noticed Eustachio
  3083 | D:4      | Noticed an ogre
  3101 | D:3      | Killed an ogre
  3102 | D:3      | Reached skill level 5 in Maces & Flails
  3102 | D:3      | Reached XP level 5. HP: 34/54 MP: 5/5
  3430 | D:4      | HP: 2/81 [orc wizard (5)]
  3431 | D:4      | Slain by a jackal

Illustrated notes

Levels and vault maps discovered:
D:1:      psy_arrival_basics, layout_loops_ring
D:2:      layout_loops_ring, kennysheep_generic_room_12
D:3:      layout_basic, general_overflow_altar, mainiacjoe_overflow_alcove_2
D:4:      layout_rooms, gammafunk_temple_overflow_claw, uniq_eustachio

Skill      XL: |  1  2  3  4 |
---------------+-------------+-----
Maces & Flails | 3 4 5 |  5.6
Fighting       | |  4.0
Dodging        | |  2.6
Stealth        | |  1.4

Action                   |  1- 3 |  4- 6 || total
-------------------------+-------+-------++-------
Melee: Mace              |   139 |    38 ||   177
       Punch             |     3 |       ||     3
       Giant club        |       |    37 ||    37
Throw: Stone             |    44 |     2 ||    46
  Use: Potion            |       |     5 ||     5
 Stab: Sleeping          |     2 |     2 ||     4
Armor: Robe              |    70 |    22 ||    92
Dodge: Dodged            |    93 |    44 ||   137

Table legend: (Time is in decaauts)
 A = Elapsed time spent in this place.
 B = Non-inter-level travel time spent in this place.
 C = Inter-level travel time spent in this place.
 D = Time resting spent in this place.
 E = Time spent auto-exploring this place.
 F = Levels seen in this place.
 G = Mean time per level.
                   A        B        C        D        E       F      G
               +--------+--------+--------+--------+--------+-----+--------+
         Total |   3463 |   3396 |     67 |    900 |   1704 |   4 |  865.8 |
       Dungeon |   3463 |   3396 |     67 |    900 |   1704 |   4 |  865.8 |
               +--------+--------+--------+--------+--------+-----+--------+

Top non-repeatable levels by time:
     D:3: 1305 daAuts
     D:2: 1104 daAuts
     D:1: 858 daAuts
     D:4: 195 daAuts
